 Dungeon Crawl Stone Soup version 0.31-a0-662-g684573625c (webtiles) character file.

Game seed: 40768431348042780

606 quinnr the Zephyrmancer (level 7, -9/36 HPs)
             Began as a Tengu Air Elementalist on Sept 1, 2023.
             Mangled by an orc warrior
             ... wielding a +4 dire flail
              (21 damage)
             ... on level 5 of the Dungeon.
             The game lasted 00:08:05 (4339 turns).

quinnr the Zephyrmancer (Tengu Air Elementalist)    Turns: 4339, Time: 00:08:06

Health: -9/36      AC:  2    Str:  9    XL:     7   Next: 42%
Magic:  2/12       EV: 16    Int: 17    God:
Gold:   181        SH:  5    Dex: 14    Spells: 4/12 levels left

rFire   + . .        (no weapon)
rCold   . . .        (no shield)
rNeg    . . .        a - +0 robe
rPois   .            (helmet restricted)
rElec   .            (no cloak)
rCorr   .            (no gloves)
SInv    .            (boots unavailable)
Will    .....        h - amulet of reflection
Stlth   ++           F - ring of protection from fire
HPRegen 0.26/turn    (no ring)
MPRegen 0.13/turn

%: reflection, acrobat
@: flying
A: beak, talons 3, evasive flight, acrobatic
a: no special abilities


You were on level 5 of the Dungeon.
You visited 1 branch of the dungeon, and saw 5 of its levels.

You collected 217 gold pieces.
You spent 36 gold pieces at shops.


Innate Abilities, Weirdness & Mutations

You have a beak for a mouth.
You have claws for feet.
Your magical flight helps you evade attacks. (EV +4)
You can magically evade attacks while moving or waiting.


   Skills:
 - Level 2.1 Dodging
 - Level 2.0 Stealth
 - Level 3.0 Spellcasting
 - Level 1.3 Conjurations
 - Level 10.0 Air Magic
 + Level 2.0 Evocations


You had 4 spell levels left.
You knew the following spells:

 Your Spells              Type           Power      Damage    Failure   Level
a - Airstrike             Air            18%        2d(3-19)  2%          4
i - Swiftness             Air            36%        N/A       1%          3
z - Shock                 Conj/Air       84%        1d8       1%          1

Your spell library contained the following spells:

 Spells                   Type           Power      Damage    Failure   Level
 Static Discharge         Conj/Air       42%        2-4/arc   2%          2
 Apportation              Tloc           4%         N/A       17%         1
 Necrotise                Necr           8%         1d4       17%         1
 Vampiric Draining        Necr           2%         2d6       45%         3
 Agony                    Necr           2%         N/A       99%         5
 Alistair's Intoxication  Tmut/Pois      1%         N/A       99%         5

Inventory:

Missiles
 i - 3 javelins
Armour
 a - a +0 robe (worn)
Jewellery
 h - an amulet of reflection (around neck)
 m - an amulet of guardian spirit
 F - a ring of protection from fire (left hand)
Wands
 j - a wand of mindburst (18)
Scrolls
 l - a scroll of silence {unknown}
 n - a scroll of identify {unknown}
 o - a scroll of blinking {unknown}
 q - a scroll of fear {unknown}
Potions
 b - 2 potions of magic
 c - 2 potions of berserk rage {unknown}
 d - 2 potions of lignification {unknown}
 e - a potion of degeneration {unknown}
 f - 2 potions of curing {@q1}
 g - a potion of heal wounds {unknown}
 k - a potion of invisibility {unknown}
Miscellaneous
 p - a box of beasts

Dungeon Overview and Level Annotations

Branches:
Dungeon (5/15)
 Temple: D:4-7

Altars:
Nemelex Xobeh

Shops:
D:1 *(   D:4 :

Annotations:
D:3 1 transporter, 6666870's ghost, weakling GrFE
D:5 Sigmund

#.# #.# ### #.# #.. ..# #.# #.#
#.# #.# #.# #.# #.# ####### #.#
#.#
####.###.....###.#############.#
................o.{........>##.##
#......#.....###@######.........#
#......#.....###.# #.........#
#..............#.######.........#
............##.#.##..........#.##
.........##....#.##..........#.#
.......#.##.##.#.##..........#.#
...#####.##.##.#.##..........#.#
...# #.##.##.#.##....†........)
...# #...................#...


You could see an orc warrior.


Message History

The orc warrior attacks as it pursues you!
The orc warrior completely misses you. The orc warrior completely misses you.
The orc warrior completely misses you.
Your magical contamination has completely faded away.
The orc warrior attacks as it pursues you!
The orc warrior hits you with a +4 dire flail!
* * * LOW HITPOINT WARNING * * *
Casting: Airstrike (dangerous; 2% risk of failure)
Confirm with . or Enter, or press ? or * to list all spells.
Aiming: Shock (safe; 1% risk of failure)
Press: ? - help, Shift-Dir - straight line, p - orc warrior The zap hits the orc warrior!
The orc warrior is severely wounded.
The zap hits the orc warrior.
The orc warrior is almost dead.
Unknown command.
Casting: Shock (safe; 1% risk of failure)
Confirm with . or Enter, or press ? or * to list all spells.
Aiming: Shock (safe; 1% risk of failure)
Press: ? - help, Shift-Dir - straight line, f - orc warrior
Aim: an orc warrior, wielding a +4 dire flail and wearing a +0 chain mail (almost dead, 71% to hit)
The zap hits the orc warrior.
The orc warrior is almost dead.
A magic dart appears from out of thin air!
The magic dart hits you.
* * * LOW HITPOINT WARNING * * *
The orc warrior hits you with a +4 dire flail!!
Ouch! That really hurt!
You die...

Skill      XL: |  1  2  3  4  5  6  7 |
---------------+----------------------+-----
Air Magic      | 5 6 8 9 10 | 10.0
Spellcasting   | 3 |  3.0
Evocations     | 2 |  2.0
Dodging        | |  2.1
Stealth        | |  2.0
Conjurations   | |  1.3

Action                     |  1- 3 |  4- 6 |  7- 9 || total
---------------------------+-------+-------+-------++-------
  Melee: Unarmed           |     5 |     1 |     2 ||     8
         Kick              |     2 |     1 |     1 ||     4
         Peck              |       |       |     1 ||     1
   Cast: Shock             |    60 |   105 |    28 ||   193
         Airstrike         |       |     3 |     1 ||     4
 Armour: Robe              |     5 |     5 |     7 ||    17
  Dodge: Dodged            |     9 |     9 |     6 ||    24
  Block: Other             |     1 |     2 |       ||     3

Levels and vault maps discovered:
D:1:      minmay_arrival_solitary_statue, layout_rooms, serial_shops, shop,
          shop_fountains, dreamdust_ecumenical_altar_angels_and_demons,
          minmay_misc_feat_square
D:2:      layout_rooms, solitary_fountain
D:3:      layout_rooms, lemuel_crystal_altar, gammafunk_ghost_smash,
          chequers_jeans, nicolae_hexahallways
D:4:      minmay_octagon_keep, layout_basic,
          nicolae_shop_i_like_small_books_too, dk_noncrumbling_3,
          serial_bayou_ford_a
D:5:      layout_basic, hex_tiny, uniq_sigmund

Notes
Turn   | Place    | Note
-------+----------+-------------------------------------------
     0 | D:1      | quinnr the Tengu Air Elementalist began the quest for the
                  | Orb.
     0 | D:1      | Reached XP level 1. HP: 10/10 MP: 4/4
   142 | D:1      | Reached XP level 2. HP: 15/15 MP: 3/6
   222 | D:1      | Found Esigouh's General Store.
   275 | D:1      | Bought a potion of curing for 36 gold pieces
   422 | D:1      | Found Bycy's Antique Weapon Shoppe.
   509 | D:1      | Found a faded altar of an unknown god.
   706 | D:2      | Reached skill level 5 in Air Magic
  1013 | D:2      | Reached XP level 3. HP: 18/19 MP: 4/7
  1503 | D:3      | Reached skill level 3 in Spellcasting
  1503 | D:3      | Reached XP level 4. HP: 24/24 MP: 4/9
  1572 | D:3      | Reached skill level 6 in Air Magic
  1789 | D:3      | Reached XP level 5. HP: 28/28 MP: 5/10
  2073 | D:3      | Identified the +11 dire flail "Ywogemn" {freeze, rC+ Int+3}
  2073 | D:3      | Noticed an ogre
  2076 | D:3      | Noticed 6666870's ghost (weakling GrFE)
  2198 | D:3      | Found a sparkling altar of Nemelex Xobeh.
  2276 | D:3      | Found a transporter.
  2335 | D:3      | Learned a level 3 spell: Swiftness
  2340 | D:3      | Learned a level 4 spell: Airstrike
  2386 | D:4      | Reached skill level 7 in Air Magic
  2592 | D:4      | Noticed a black bear
  2601 | D:4      | Killed a black bear
  2602 | D:4      | Reached skill level 8 in Air Magic
  2602 | D:4      | Reached XP level 6. HP: 32/32 MP: 0/11
  2994 | D:4      | Found Iqywampion's Tiny Tomes.
  3269 | D:4      | Noticed a black bear
  3287 | D:4      | Killed a black bear
  3288 | D:4      | Reached skill level 9 in Air Magic
  3439 | D:4      | Gained mutation: Your magical flight helps you evade
                  | attacks. (EV +4) [Tengu growth]
  3439 | D:4      | Reached XP level 7. HP: 36/36 MP: 5/12
  3687 | D:5      | Entered Level 5 of the Dungeon
  3890 | D:5      | Reached skill level 1 in Evocations
  3956 | D:5      | Noticed Sigmund
  4270 | D:5      | Reached skill level 10 in Air Magic
  4270 | D:5      | Reached skill level 2 in Evocations
  4339 | D:5      | Mangled by an orc warrior

Vanquished Creatures
  2 black bears (D:4)
  A scorpion (D:5)
  An orc priest (D:3)
  3 hounds
  A sleepcap (D:4)
  2 iguanas
  An orc wizard (D:3)
  7 adders
  A white imp (D:5)
  3 dart slugs
  10 orcs
  6 endoplasms
  3 giant cockroaches
  4 goblins
  8 hobgoblins
  3 quokkas
  9 ball pythons
  2 bats
  4 frilled lizards
  6 kobolds
  5 rats
82 creatures vanquished.

Table legend: (Time is in decaauts)
 A = Elapsed time spent in this place.
 B = Non-inter-level travel time spent in this place.
 C = Inter-level travel time spent in this place.
 D = Time resting spent in this place.
 E = Time spent auto-exploring this place.
 F = Levels seen in this place.
 G = Mean time per level.
                   A        B        C        D        E       F      G
               +--------+--------+--------+--------+--------+-----+--------+
         Total |   4342 |   4187 |    155 |    254 |   3357 |   5 |  868.4 |
       Dungeon |   4342 |   4187 |    155 |    254 |   3357 |   5 |  868.4 |
               +--------+--------+--------+--------+--------+-----+--------+

Top non-repeatable levels by time:
     D:4: 1308 daAuts
     D:3: 1024 daAuts
     D:1: 696 daAuts
     D:2: 660 daAuts
     D:5: 651 daAuts

Table legend:
 A = Non-vault XP
 B = Vault XP
 C = Vault XP percentage of total XP
 D = Non-vault monster count
 E = Vault monster count
 F = Vault count percentage of total count
                 A         B        C        D         E       F
            +---------+---------+-------+---------+---------+-------
      Total |     739 |     128 |  14.8 |      71 |      11 |  13.4
            +---------+---------+-------+---------+---------+-------
        D:1 |      22 |       0 |   0.0 |      14 |       0 |   0.0
        D:2 |      40 |       0 |   0.0 |      10 |       0 |   0.0
        D:3 |     146 |       0 |   0.0 |      24 |       0 |   0.0
        D:4 |     315 |     128 |  28.9 |      16 |      11 |  40.7
        D:5 |     216 |       0 |   0.0 |       7 |       0 |   0.0
            +---------+---------+-------+---------+---------+-------

Levels and vault maps discovered:
D:1:      minmay_arrival_solitary_statue, layout_rooms, serial_shops, shop,
          shop_fountains, dreamdust_ecumenical_altar_angels_and_demons,
          minmay_misc_feat_square
D:2:      layout_rooms, solitary_fountain
D:3:      layout_rooms, lemuel_crystal_altar, gammafunk_ghost_smash,
          chequers_jeans, nicolae_hexahallways
D:4:      minmay_octagon_keep, layout_basic,
          nicolae_shop_i_like_small_books_too, dk_noncrumbling_3,
          serial_bayou_ford_a
D:5:      layout_basic, hex_tiny, uniq_sigmund
